Map: Ice and Chrome LE

Players

Semper - Winner!

  • Race: Protoss Protoss
  • Spawn Location: 1:00

JonSnow

  • Race: Zerg Zerg
  • League: Master
  • Spawn Location: 7:00

Event: DreamHack SC2 Masters 2020 Summer North America

VOD

Have the link to the VOD?

Description

Time

  • Played on: June 30, 2020, 7:04 p.m.
  • Length: 22:54

All games in this series

Show
View Real Time Build Order
Export as new Build Order

Semper Protoss - Winner!

Build Orders: 1 Gate Expand, Oracle Opening, Archon Immortal 

Get SALT Encoding   

  12  0:00  Probe  
  13  0:12  Probe  
  14  0:19  Pylon  
  14  0:24  Probe  
  15  0:33  Probe  
  15  0:41  Probe  
  16  0:46  Gateway  
  17  0:52  Probe  
  17  0:55  Assimilator  
  18  1:04  Probe  
  19  1:12  Pylon  
  19  1:16  Probe  
  20  1:29  Nexus  
  20  1:38  Cybernetics Core  
  20  1:42  Probe  
  21  1:50  Assimilator  
  21  1:55  Probe  
  21  1:57  Pylon  
  22  2:06  Adept  
  22  2:07  Probe  
  23  2:16  Warp Gate  
  23  2:20  Probe  
  26  2:26  Stalker  
  26  2:31  Pylon  
  26  2:32  Probe  
  29  2:37  Probe  
  30  2:45  Probe  
  31  2:53  Stargate  
  31  2:58  Probe  
  31  2:59  Probe  
  31  3:02  Adept  
  35  3:10  Probe  
  36  3:13  Probe  
  36  3:17  Gateway  
  37  3:22  Probe  
  38  3:29  Oracle  
  38  3:37  Shield Battery  
  38  3:38  Probe  
  38  3:41  Pylon  
  40  3:43  Probe  
  41  3:50  Probe  
  41  3:53  Pylon  
  41  3:55  Probe  
  43  3:57  Oracle  
  43  4:00  Assimilator  
  43  4:02  Assimilator, Probe  
  44  4:07  Probe  
  48  4:12  Adept x2  
  48  4:14  Probe  
  53  4:18  Robotics Facility  
  53  4:19  Probe  
  54  4:24  Pylon  
  54  4:26  Probe  
  55  4:34  Probe  
  56  4:40  Nexus  
  56  4:44  Pylon  
  56  4:46  Probe  
  56  4:48  Probe  
  58  4:54  Oracle  
  58  4:58  Probe  
  62  5:03  Probe  
  62  5:06  Observer  
  63  5:10  Sentry x2, Probe  
  69  5:16  Forge, Probe  
  69  5:18  Twilight Council  
  70  5:22  Probe  
  70  5:26  Pylon  
  70  5:28  Probe  
  72  5:33  Adept x2  
  72  5:35  Probe  
  73  5:41  Probe  
  72  5:49  Protoss Ground Weapons Level 1, Probe  
  73  5:50  Charge  
  73  5:53  Sentry  
  73  5:54  Sentry  
  73  5:57  Probe  
  77  6:03  Probe x2  
  79  6:04  Gateway  
  79  6:05  Assimilator  
  79  6:06  Gateway  
  79  6:09  Assimilator  
  79  6:12  Probe  
  79  6:13  Probe  
  79  6:14  Shield Battery  
  79  6:15  Probe  
  79  6:17  Templar Archives, Pylon  
  79  6:18  Immortal  
  82  6:24  Probe  
  83  6:27  Probe  
  88  6:34  Probe  
  88  6:35  Phoenix x2  
  89  6:42  Probe  
  89  6:46  Probe, Zealot x2  
  96  6:47  Probe  
  96  6:48  Immortal  
  96  6:52  Gateway  
  96  6:53  Gateway  
  96  6:56  Gateway  
  96  6:58  Pylon  
  96  7:00  Pylon  
  100  7:06  Probe x2  
  102  7:11  High Templar x2  
  102  7:12  High Templar  
  102  7:13  Probe  
  109  7:17  High Templar  
  109  7:18  Warp Prism  
  111  7:26  Probe x2  
  115  7:31  Pylon  
  115  7:32  Probe  
  115  7:34  Pylon  
  115  7:36  Pylon  
  116  7:39  Gateway, Probe  
  116  7:40  Gateway  
  116  7:41  Archon x2  
  116  7:42  Gateway  
  117  7:47  High Templar x2, Zealot x2  
  117  7:50  Immortal  
  117  7:51  Archon  
  129  8:05  Photon Cannon  
  129  8:07  Shield Battery  
  129  8:10  Pylon  
  129  8:11  Zealot x5  
  134  8:23  Immortal  
  134  8:26  Zealot x2  
  127  8:27  Probe  
  127  8:32  Zealot x3  
  127  8:33  Zealot x2  
  121  8:50  Probe x2  
  121  8:54  Pylon  
  123  8:56  Immortal  
  123  8:58  Photon Cannon  
  123  9:02  High Templar x4  
  125  9:03  High Templar x2  
  125  9:04  Zealot x4  
  125  9:09  Archon x2  
  141  9:12  Probe x2  
  141  9:16  Archon  
  137  9:22  Photon Cannon  
  137  9:29  Robotics Facility  
  137  9:31  Pylon, Probe  
  133  9:36  Observer  
  133  9:38  Probe  
  133  9:40  High Templar x3  
  133  9:41  Zealot x6  
  133  9:44  Probe  
  133  9:45  Archon  
  149  9:47  Probe  
  149  9:51  Photon Cannon  
  149  9:52  Immortal  
  128  10:07  High Templar x2  
  128  10:08  High Templar  
  128  10:09  Zealot  
  128  10:10  Zealot x2  
  128  10:11  Archon x2  
  140  10:17  Gateway  
  140  10:19  Gateway  
  144  10:21  Gateway, Immortal  
  144  10:24  Photon Cannon  
  144  10:35  Immortal  
  136  10:37  Protoss Ground Weapons Level 2  
  136  10:42  Zealot  
  138  10:44  Zealot x4  
  146  10:55  Immortal, Zealot x3  
  150  10:59  Nexus  
  150  11:01  Pylon  
  150  11:02  Probe  
  147  11:04  Immortal  
  147  11:06  Psionic Storm  
  143  11:24  High Templar x3  
  149  11:29  Observer  
  149  11:32  Photon Cannon  
  149  11:35  Nexus  
  149  11:39  Warp Prism  
  150  11:40  Photon Cannon  
  150  11:41  Shield Battery  
  150  11:42  Shield Battery  
  150  11:44  High Templar x2  
  156  11:58  Probe  
  156  11:59  Probe x2  
  156  12:00  Zealot x3  
  165  12:03  Assimilator  
  165  12:05  Pylon  
  165  12:07  Pylon x2  
  165  12:12  Assimilator  
  163  12:34  High Templar x2  
  163  12:36  Immortal, High Templar  
  173  12:37  High Templar x2  
  173  12:38  Blink, Zealot x2  
  181  12:49  Warp Prism  
  181  12:54  Pylon  
  181  12:57  Pylon  
  179  12:59  Zealot  
  179  13:00  Zealot x5  
  179  13:02  Probe x2  
  179  13:05  Pylon  
  191  13:08  High Templar  
  177  13:26  Zealot x2  
  177  13:27  Zealot x7  
  183  13:29  Probe  
  178  13:45  Zealot  
  173  13:55  Zealot x3  
  173  13:56  Zealot x5  
  173  14:00  Probe  
  190  14:09  Nexus  
  190  14:12  Pylon  
  190  14:14  Pylon  
  182  14:33  Stalker x6  
  182  14:34  Stalker x2  
  194  15:19  Photon Cannon  
  194  15:21  Photon Cannon  
  186  15:22  Photon Cannon  
  186  15:23  Stargate  
  186  15:24  Photon Cannon  
  186  15:26  Photon Cannon  
  186  15:27  Stargate  
  186  15:28  Shield Battery  
  183  15:30  Warp Prism, Shield Battery  
  183  15:34  Observer  
  153  15:45  Immortal, High Templar x5  
  153  15:46  Zealot x4  
  153  15:49  Archon  
  137  15:59  Immortal  
  134  16:11  Stalker x2  
  134  16:12  Stalker x2  
  139  16:24  Immortal  
  143  16:28  Archon x2  
  143  16:30  Probe x3  
  121  16:35  High Templar  
  121  16:36  High Templar x4, Zealot  
  121  16:37  Zealot x3  
  121  16:38  Immortal  
  143  16:41  Oracle  
  143  16:46  Archon  
  146  16:47  Archon  
  146  16:48  Archon, Probe  
  146  16:49  Probe x2  
  149  16:57  High Templar x4  
  149  16:59  Probe  
  158  17:04  Observer  
  158  17:08  Stalker x4  
  161  17:18  Assimilator, Probe x4  
  165  17:23  Assimilator  
  165  17:24  Assimilator  
  138  17:38  Observer  
  138  17:42  Zealot x7  
  149  17:48  High Templar x2  
  149  17:49  Protoss Ground Weapons Level 3  
  151  17:53  Probe x3  
  151  17:54  Probe  
  151  17:55  Probe  
  144  18:08  High Templar x2  
  144  18:11  Probe x2  
  144  18:13  High Templar  
  144  18:14  High Templar x2  
  150  18:20  Stalker  
  150  18:21  Stalker x3  
  150  18:24  Archon  
  158  18:28  Gateway  
  158  18:35  Photon Cannon  
  158  18:44  Zealot x6  
  170  18:50  Dark Shrine  
  166  19:03  High Templar  
  166  19:05  High Templar x4  
  166  19:06  Pylon  
  168  19:11  Pylon  
  168  19:13  Nexus, Zealot  
  169  19:41  Pylon  
  169  19:44  Zealot x9  
  169  19:45  Zealot  
  159  20:04  Immortal  
  143  20:11  Archon x2  
  143  20:12  High Templar x2  
  143  20:13  High Templar x3, Zealot x3  
  143  20:14  Warp Prism, Zealot x2  
  148  20:26  Archon x2  
  140  20:33  Photon Cannon  
  138  20:37  Photon Cannon  
  138  20:39  Photon Cannon  
  138  20:40  Immortal, High Templar x2  
  138  20:41  Shield Battery, High Templar x2  
  138  20:42  Zealot  
  148  20:45  Assimilator  
  148  20:47  Archon  
  148  20:48  Archon  
  148  20:49  Assimilator  
  152  20:53  Immortal  
  156  20:58  High Templar x2  
  156  20:59  Oracle  
  156  21:01  Oracle  
  156  21:02  Zealot x4  
  166  21:12  Observer  
  162  21:22  Zealot  
  165  21:30  Nexus  
  165  21:31  Pylon  
  161  21:33  Stalker x5  
  161  21:34  Pylon  
  161  21:38  Dark Templar x2  
  171  21:51  Zealot x3  
  177  21:57  Shield Battery  
  177  21:59  Shield Battery  
  177  22:00  Photon Cannon  
  177  22:02  Photon Cannon  
  175  22:13  Dark Templar x2  
  153  22:27  Zealot  
  153  22:28  Zealot x7  
  165  22:52  Dark Templar x3, Zealot x2  
  165  22:53  Zealot x5  
Show
View Real Time Build Order
Export as new Build Order

JonSnow Zerg 

Build Orders: Hatch First, Lurkers 

Get SALT Encoding   

  12  0:00  Drone  
  13  0:13  Overlord  
  13  0:16  Drone  
  14  0:31  Drone x2  
  16  0:45  Drone  
  17  0:53  Hatchery  
  17  0:55  Drone  
  17  0:58  Drone  
  18  1:09  Extractor  
  17  1:16  Spawning Pool  
  17  1:17  Drone  
  17  1:21  Drone  
  18  1:29  Drone  
  19  1:39  Drone  
  20  1:50  Overlord  
  20  2:02  Queen  
  20  2:05  Queen, Zergling x2  
  20  2:07  Drone  
  26  2:10  Metabolic Boost  
  26  2:13  Drone  
  27  2:16  Drone  
  28  2:24  Drone  
  28  2:26  Drone  
  30  2:37  Hatchery  
  30  2:42  Drone  
  30  2:44  Zergling x4  
  32  2:54  Queen  
  34  2:59  Overlord  
  34  3:02  Drone x2  
  36  3:07  Overlord  
  36  3:15  Overlord  
  36  3:17  Drone x2  
  36  3:18  Drone  
  39  3:21  Drone  
  39  3:23  Drone  
  41  3:31  Drone  
  41  3:33  Queen  
  43  3:35  Drone  
  43  3:42  Drone  
  43  3:44  Drone  
  43  3:47  Drone x3  
  48  3:51  Queen  
  48  3:52  Drone x2  
  48  3:54  Overlord  
  52  3:59  Overlord  
  52  4:01  Spore Crawler  
  51  4:04  Overlord  
  51  4:07  Drone x2  
  53  4:12  Overlord  
  53  4:15  Overlord  
  53  4:19  Drone  
  53  4:20  Drone x3  
  53  4:24  Spine Crawler  
  56  4:29  Drone x4  
  56  4:31  Drone x2  
  61  4:34  Spore Crawler x2  
  61  4:35  Drone  
  61  4:36  Drone  
  62  4:41  Zergling x2  
  62  4:44  Extractor  
  62  4:45  Extractor  
  62  4:47  Roach Warren, Zergling x6  
  62  4:50  Zergling x4  
  62  4:51  Zergling x2  
  66  4:55  Drone x3  
  66  4:59  Overlord  
  69  5:01  Overlord  
  69  5:03  Drone x2  
  69  5:05  Overlord  
  71  5:12  Overlord  
  71  5:14  Overlord  
  71  5:16  Lair  
  71  5:19  Evolution Chamber  
  69  5:30  Drone x11  
  69  5:34  Extractor  
  77  5:38  Drone x3  
  78  5:43  Extractor x2  
  76  5:52  Roach x5  
  76  5:55  Hatchery  
  85  5:57  Zerg Missile Weapons Level 1  
  85  5:59  Burrow  
  85  6:03  Roach x4  
  93  6:07  Drone x4  
  97  6:12  Overlord  
  97  6:13  Glial Reconstitution  
  97  6:15  Overlord  
  97  6:18  Overlord  
  97  6:23  Queen  
  103  6:25  Roach x2  
  103  6:26  Roach  
  103  6:34  Roach  
  103  6:35  Roach x4  
  109  6:40  Roach x3  
  109  6:43  Ravager x4  
  119  6:47  Roach x4  
  119  6:51  Overlord  
  127  6:54  Overseer  
  127  6:56  Roach x3  
  127  6:59  Queen  
  135  7:01  Overlord  
  135  7:07  Roach x3  
  141  7:10  Overlord  
  141  7:12  Roach x2  
  145  7:19  Roach x3  
  151  7:23  Roach x3  
  157  7:30  Roach x3  
  157  7:32  Tunneling Claws  
  157  7:34  Roach x2  
  157  7:36  Ravager x2  
  169  7:44  Drone x2  
  169  7:45  Overlord  
  169  7:48  Roach x4  
  169  7:50  Ravager x2  
  180  7:52  Zergling x4  
  182  7:59  Spore Crawler  
  182  8:01  Roach x2  
  182  8:02  Roach  
  183  8:10  Roach x4  
  190  8:13  Zerg Missile Weapons Level 2  
  190  8:19  Roach  
  190  8:20  Roach x4  
  190  8:24  Roach x5  
  183  8:28  Roach  
  183  8:29  Roach  
  183  8:31  Roach x2  
  183  8:32  Zergling x2  
  168  8:35  Roach x2  
  168  8:40  Roach x2  
  146  8:43  Roach x3  
  146  8:47  Roach  
  149  8:55  Roach x4  
  157  9:03  Roach x3  
  157  9:04  Roach  
  157  9:05  Roach x3  
  148  9:18  Roach x9  
  148  9:22  Extractor  
  148  9:23  Extractor  
  164  9:25  Roach x3  
  164  9:29  Roach x8  
  174  9:35  Roach x2  
  172  9:46  Roach  
  172  9:47  Roach x4  
  172  9:51  Roach x5  
  180  9:57  Roach  
  180  9:58  Roach x3  
  164  10:01  Roach x2  
  164  10:03  Roach x7  
  164  10:08  Roach x2  
  164  10:10  Drone x3  
  171  10:21  Hydralisk Den  
  171  10:24  Roach x5  
  171  10:25  Roach  
  176  10:29  Roach x2  
  176  10:32  Roach  
  176  10:33  Roach  
  156  10:37  Roach x2  
  156  10:39  Hatchery  
  156  10:41  Roach x5  
  147  10:54  Grooved Spines, Zerg Ground Armor Level 1  
  147  10:55  Hydralisk x3  
  151  10:59  Hydralisk x2  
  151  11:01  Roach x12  
  152  11:05  Hydralisk x3  
  152  11:08  Drone  
  159  11:12  Drone x2  
  159  11:13  Drone x2  
  163  11:25  Drone x4  
  165  11:26  Lurker Den  
  164  11:35  Drone  
  164  11:36  Hydralisk x4, Drone x2  
  165  11:41  Roach x9  
  165  11:45  Hydralisk x4  
  173  11:53  Drone  
  173  11:54  Drone x5  
  177  11:59  Zergling x2  
  177  12:01  Overlord x3  
  180  12:04  Extractor  
  180  12:05  Extractor  
  180  12:06  Infestation Pit  
  175  12:15  Roach x8  
  176  12:22  Drone, Spore Crawler  
  176  12:23  Drone x4, Spine Crawler  
  176  12:25  Drone x2  
  180  12:30  Lurker x14  
  194  12:41  Roach x15  
  194  12:57  Hive, Hydralisk x4  
  200  13:11  Hydralisk x3  
  197  13:15  Overseer  
  197  13:18  Hydralisk  
  197  13:19  Hydralisk x5  
  194  13:21  Hydralisk x8  
  194  13:23  Hydralisk x2  
  186  13:29  Hydralisk x2  
  186  13:32  Roach x9, Lurker x2  
  186  13:36  Muscular Augments  
  186  13:40  Hydralisk x4  
  183  13:42  Hydralisk  
  183  13:47  Zergling x2  
  183  13:48  Zergling x8  
  183  14:05  Hydralisk x5  
  195  14:13  Seismic Spines  
  192  14:19  Hydralisk x3  
  192  14:22  Roach x4  
  189  14:25  Zerg Missile Weapons Level 3  
  184  14:31  Hydralisk  
  184  14:32  Hydralisk x3  
  184  14:33  Zergling x2  
  193  14:38  Hydralisk x2  
  193  14:45  Lurker x2  
  193  14:50  Zergling x14  
  197  15:03  Hydralisk x3  
  192  15:11  Adaptive Talons  
  192  15:17  Hydralisk x4  
  197  15:22  Hydralisk  
  197  15:23  Zergling x2  
  190  15:31  Hydralisk x2  
  173  15:36  Roach x2  
  173  15:37  Hydralisk x2  
  161  15:44  Zergling x14  
  155  15:55  Hydralisk x2  
  155  15:56  Hydralisk  
  146  16:05  Ravager x2  
  146  16:08  Overseer  
  146  16:14  Hatchery  
  146  16:16  Zergling x14  
  153  16:18  Zergling x2  
  149  16:27  Hydralisk x2  
  149  16:29  Hydralisk  
  149  16:30  Roach x3  
  147  16:38  Hydralisk x4  
  150  16:43  Overseer x2  
  150  16:45  Zergling x2  
  140  16:47  Hydralisk  
  142  16:55  Zergling x4  
  142  16:58  Hydralisk x2  
  142  16:59  Hydralisk  
  150  17:04  Hydralisk  
  150  17:05  Zergling x2  
  147  17:09  Extractor  
  147  17:12  Extractor  
  147  17:13  Hydralisk x2  
  147  17:14  Zergling x8  
  147  17:18  Hydralisk  
  148  17:22  Zergling x2  
  148  17:23  Zergling x2  
  144  17:31  Hydralisk x2  
  144  17:35  Hydralisk  
  144  17:36  Zergling x4  
  127  17:40  Hydralisk  
  127  17:44  Drone, Hydralisk  
  127  17:45  Drone x4  
  133  17:51  Drone x3  
  127  18:00  Hydralisk x2  
  127  18:04  Drone x2  
  127  18:09  Lurker x2  
  126  18:16  Spore Crawler  
  126  18:18  Spine Crawler  
  124  18:20  Drone  
  124  18:24  Viper  
  127  18:40  Lurker x2  
  129  18:47  Hydralisk x2  
  129  18:48  Hydralisk x2  
  137  18:56  Zergling x2  
  137  18:58  Drone x3  
  137  19:00  Hydralisk x2  
  144  19:05  Viper  
  147  19:16  Hydralisk x3  
  153  19:21  Zergling x10  
  155  19:26  Hydralisk  
  155  19:31  Lurker  
  157  19:50  Hydralisk x6  
  169  19:54  Zergling x2  
  169  19:57  Zergling x10  
  142  20:02  Hydralisk  
  142  20:03  Zergling x2  
  121  20:17  Hydralisk x2  
  113  20:39  Hydralisk x2  
  117  20:43  Hatchery  
  117  20:44  Hydralisk  
  117  20:45  Zergling x4  
  117  20:46  Zergling x2  
  121  20:59  Hydralisk  
  121  21:00  Hydralisk  
  115  21:13  Hydralisk x2  
  119  21:19  Hydralisk  
  121  21:27  Zergling x2  
  122  21:33  Hydralisk  
  122  21:35  Zergling x20  
  132  21:48  Hydralisk x3  
  132  21:49  Zergling x2  
  139  21:59  Hydralisk  
  139  22:00  Zergling x2  
  142  22:08  Zergling x2  
  142  22:09  Zergling x10  
  146  22:22  Hydralisk x3  
  123  22:29  Zergling x6  
  127  22:31  Extractor x2  
Tags
 
Add a new tag
Caveats
  • Supply blocks, unpowered buildings, or Contaminate may cause inaccurate times.
  • Supply counts are checked every 10 seconds.